[Event "ICC tourney 1953 (60 10)"]
[Site "Internet Chess Club"]
[Date "2020.08.08"]
[Round "4"]
[White "justinchess"]
[Black "ASharikov"]
[Result "0-1"]
[ICCResult "White resigns"]
[WhiteElo "2384"]
[BlackElo "2295"]
[Opening "Bogo-Indian defense"]
[ECO "E11"]
[NIC "QI.01"]
[Time "12:07:22"]
[TimeControl "3600+10"]

1. d4 Nf6 2. c4 e6 3. Nf3 Bb4+ 4. Bd2 a5 5. g3 d6 6. Bg2 Nbd7 7. Nc3 O-O 8.
Qc2 e5 9. O-O exd4 10. Nxd4 Ne5 11. Nd5 Bxd2 12. Qxd2 Nxc4 13. Nxf6+ Qxf6
14. Qc3 Nb6 15. Nb5 Qxc3 16. bxc3 c6 17. Nxd6 Na4 18. Rac1 Ra6 19. Rfd1 Rb6
20. Rd4 Nxc3 21. Rd2 Be6 22. f4 Nxa2 23. Ra1 Rd8 24. e4 f6 25. e5 fxe5 26.
fxe5 Nc3 27. Rxa5 Rb1+ 28. Kf2 Rf8+ 29. Ke3 Re1+ 30. Kd3 b6 31. Ra6 Nd5 32.
Bxd5 Bxd5 33. Rxb6 Rxe5 34. Kd4 Re6 35. Kc5 h6 36. Rb7 Rf1 37. Rd7 Re3 38.
Rb2 Be6 39. Rd8+ Kh7 40. Kxc6 Rc1+ 41. Kb6 Bd5 42. Rc8 Rd1 43. Nb5 Re6+ 44.
Ka5 Ra1+ 45. Kb4 Re4+ 46. Kc5 Rc4+ 47. Kxd5 Rxc8 48. Nd4 Rd8+ 49. Ke4 Rf8
50. Ke3 Re1+ 51. Ne2 Rff1 52. h4 h5 53. Rb5 Kg6 54. Rg5+ Kh6 55. Re5 Rf6 56.
Re7 Kh7 57. Kd2 Ra1 58. Nf4 Kh6 59. Ke2 Ra3 60. Re5 g6 61. Kf2 Ra7 62. Kg2
Kg7 63. Re3 Kf7 64. Kh3 Rf5 65. Rb3 Rf6 66. Rc3 Rd6 67. Rc2 Kf6 68. Rf2 Ke5
69. Re2+ Kf5 70. Rf2 Ke4 71. Kg2 Ra3 72. Re2+ Kf5 73. Rf2 Kg4 74. Ne2 Ra4
75. Nf4 g5 76. hxg5 h4 77. Ne2 h3+ 78. Kh2 Ra2 79. g6 Rxg6 80. Rf4+ Kg5 81.
Re4 Kf5 82. Rf4+ Ke5 83. Rf2 Rf6 84. Kg1 Rxf2 85. Kxf2 Rxe2+ 86. Kxe2 h2 87.
Kf2 h1=Q {White resigns} 0-1

[Event "ICC tourney 1953 (60 10)"]
[Site "Internet Chess Club"]
[Date "2020.08.08"]
[Round "5"]
[White "Xuanli28"]
[Black "Qigongmaster"]
[Result "1-0"]
[ICCResult "Black resigns"]
[WhiteElo "2112"]
[BlackElo "2140"]
[Opening "Petrov: Nimzovich attack"]
[ECO "C42"]
[NIC "RG.03"]
[Time "15:21:15"]
[TimeControl "3600+10"]

1. e4 e5 2. Nf3 Nf6 3. Nxe5 d6 4. Nf3 Nxe4 5. Nc3 Nxc3 6. dxc3 Be7 7. Be3
Nc6 8. Qd2 O-O 9. O-O-O Be6 10. Kb1 Ne5 11. Nd4 Bc4 12. f4 Bxf1 13. fxe5
dxe5 14. Nf5 Bc4 15. Qf2 Bd6 16. Bh6 gxh6 17. Qg3+ Qg5 18. Nxh6+ {Black
resigns} 1-0

[Event "ICC tourney 1953 (60 10)"]
[Site "Internet Chess Club"]
[Date "2020.08.08"]
[Round "5"]
[White "SAO"]
[Black "JasonModer"]
[Result "1/2-1/2"]
[ICCResult "Game drawn by mutual agreement"]
[WhiteElo "2583"]
[BlackElo "2428"]
[Opening "Queen's gambit accepted"]
[ECO "D20"]
[NIC "QG.03"]
[Time "15:21:17"]
[TimeControl "3600+10"]

1. d4 d5 2. c4 dxc4 3. e3 e5 4. Bxc4 exd4 5. exd4 Bd6 6. Nf3 Nf6 7. O-O O-O
8. h3 Nc6 9. Nc3 h6 10. Be3 Bf5 11. a3 Qd7 12. Re1 Rfe8 13. d5 Ne5 14. Bb5
c6 15. dxc6 bxc6 16. Nxe5 Bxe5 17. Qxd7 Bxd7 18. Bf1 Rab8
{Game drawn by mutual agreement}
1/2-1/2

[Event "ICC tourney 1953 (60 10)"]
[Site "Internet Chess Club"]
[Date "2020.08.08"]
[Round "5"]
[White "helavir"]
[Black "penguinwizard"]
[Result "1-0"]
[ICCResult "Black resigns"]
[WhiteElo "2642"]
[BlackElo "2090"]
[Opening "Sicilian: Nimzovich-Rossolimo attack (with ...g6, without ...d6)"]
[ECO "B31"]
[NIC "SI.31"]
[Time "15:22:08"]
[TimeControl "3600+10"]

1. e4 c5 2. Nf3 Nc6 3. Bb5 g6 4. Bxc6 dxc6 5. d3 Bg7 6. h3 Nf6 7. Nc3 O-O 8.
Be3 b6 9. Qd2 e5 10. Bh6 Qd6 11. O-O Ne8 12. Nh2 Nc7 13. Bxg7 Kxg7 14. f4
exf4 15. Rxf4 f5 16. Raf1 Ne6 17. R4f2 f4 18. Ne2 g5 19. Qc3+ Nd4 20. Nf3
Qg6 21. Nexd4 cxd4 22. Nxd4 Kg8 23. Qxc6 Qg7 24. Qxa8 Qxd4 25. Qd5+
{Black resigns}
1-0

[Event "ICC tourney 1953 (60 10)"]
[Site "Internet Chess Club"]
[Date "2020.08.08"]
[Round "5"]
[White "frisco"]
[Black "woodychess"]
[Result "1/2-1/2"]
[ICCResult "Game drawn by repetition"]
[WhiteElo "2458"]
[BlackElo "2208"]
[Opening "Queen's bishop game"]
[ECO "D02"]
[NIC "QP.08"]
[Time "15:21:16"]
[TimeControl "3600+10"]

1. d4 d5 2. Nf3 Nf6 3. Bf4 c5 4. e3 Nc6 5. c3 Qb6 6. b3 Bf5 7. Bd3 Bxd3 8.
Qxd3 e6 9. O-O Be7 10. h3 O-O 11. Nbd2 a6 12. a3 Rfc8 13. dxc5 Bxc5 14. b4
Be7 15. Rfc1 Qd8 16. c4 dxc4 17. Qxd8+ Rxd8 18. Nxc4 Nd5 19. Bg3 Bf6 20.
Nce5 Rac8 21. Kf1 Nxe5 22. Nxe5 g6 23. Rxc8 Rxc8 24. Rd1 Rc2 25. Ng4 Bb2 26.
e4 Nf6 27. Nxf6+ Bxf6 28. e5 Bg5 29. Rd7 Rc1+ 30. Ke2 Rc2+ 31. Kf1 Rc1+ 32.
Ke2 Rc2+ 33. Kf1 Rc1+ 34. Ke2 Rc2+ 35. Kf1 Rc1+ {Game drawn by repetition}
1/2-1/2

[Event "ICC tourney 1953 (60 10)"]
[Site "Internet Chess Club"]
[Date "2020.08.08"]
[Round "5"]
[White "funplaychess"]
[Black "Syringe"]
[Result "0-1"]
[ICCResult "White resigns"]
[WhiteElo "2368"]
[BlackElo "2739"]
[Opening "Catalan: open, 5.Nf3"]
[ECO "E04"]
[NIC "CA.03"]
[Time "15:21:38"]
[TimeControl "3600+10"]

1. d4 Nf6 2. c4 e6 3. g3 d5 4. Nf3 dxc4 5. Bg2 Bb4+ 6. Bd2 a5 7. O-O c6 8.
Qc2 b5 9. a4 O-O 10. axb5 Bxd2 11. Qxd2 cxb5 12. Qg5 Nd5 13. Nc3 b4 14. Ne4
Qxg5 15. Nfxg5 Nc6 16. e3 h6 17. Nf3 Ba6 18. Rfc1 c3 19. bxc3 b3 20. Rd1 a4
21. Rxa4 f5 22. c4 fxe4 23. cxd5 exf3 24. Bxf3 Rxf3 25. dxc6 Rff8 26. Rb1
Be2 27. Rb4 Bd3 28. Rc1 Rab8 29. Rxb8 Rxb8 30. c7 Rc8 31. Rc3 b2 32. Rxd3
b1=Q+ 33. Kg2 Qxd3 34. Kg1 Rxc7 {White resigns} 0-1

[Event "ICC tourney 1953 (60 10)"]
[Site "Internet Chess Club"]
[Date "2020.08.08"]
[Round "5"]
[White "Ajitesh20091"]
[Black "tacticsalk"]
[Result "0-1"]
[ICCResult "White checkmated"]
[WhiteElo "1866"]
[BlackElo "2317"]
[Opening "Ruy Lopez: Anderssen variation"]
[ECO "C77"]
[NIC "RL.12"]
[Time "15:21:34"]
[TimeControl "3600+10"]

1. e4 e5 2. Nf3 Nc6 3. Bb5 a6 4. Ba4 Nf6 5. d3 b5 6. Bb3 Bc5 7. c3 d6 8. h3
h6 9. O-O O-O 10. Re1 Re8 11. Nbd2 Be6 12. Bxe6 Rxe6 13. Nf1 d5 14. Ng3 Qd7
15. Qe2 Rd8 16. Nf5 dxe4 17. dxe4 Qd3 18. Bd2 Qxe2 19. Rxe2 Kh7 20. Rd1 g6
21. Nxh6 Rxd2 22. Rdxd2 Kxh6 23. b4 Bb6 24. Rd1 Ne8 25. a4 bxa4 26. Ra1 a5
27. bxa5 Bxa5 28. Rc2 Nd6 29. Rxa4 Bb6 30. g4 Kg7 31. g5 f5 32. exf5 Nxf5
33. Nd2 Rd6 34. Ne4 Rd3 35. Rc4 Na5 36. Ra4 Rxh3 37. Kg2 Rh4 38. Rca2 Rg4+
39. Kf3 Rf4+ 40. Kg2 Nh4+ 41. Kg3 Nf5+ 42. Kg2 Kf7 43. Re2 Nb3 44. Rb4 Nbd4
45. cxd4 Nxd4 46. Reb2 Rxe4 47. f3 Rf4 48. Rb1 Ke6 49. Rf1 Rf5 50. Rbb1
Rxg5+ 51. Kh1 Kf5 52. Rbc1 Rh5+ 53. Kg2 Ne2 54. Rc2 Nf4+ 55. Kg3 Rh3#
{White checkmated}
0-1

[Event "ICC tourney 1953 (60 10)"]
[Site "Internet Chess Club"]
[Date "2020.08.08"]
[Round "5"]
[White "Aleksandrov73"]
[Black "tedchen"]
[Result "0-1"]
[ICCResult "White resigns"]
[WhiteElo "2693"]
[BlackElo "2360"]
[Opening "QGD Slav defense"]
[ECO "D10"]
[NIC "SL.01"]
[Time "15:21:38"]
[TimeControl "3600+10"]

1. d4 d5 2. c4 c6 3. Nc3 Nf6 4. e3 g6 5. Nf3 Bg7 6. Be2 O-O 7. O-O dxc4 8.
Bxc4 Bg4 9. Be2 Nbd7 10. Qb3 Qb6 11. Qa3 Rfe8 12. Bd2 e5 13. dxe5 Nxe5 14.
Nxe5 Rxe5 15. Bxg4 Nxg4 16. h3 Nf6 17. Rfd1 Rd8 18. Be1 Ree8 19. Rac1 Nd7
20. b4 Ne5 21. Ne4 Rxd1 22. Rxd1 Rd8 23. Qb3 Qc7 24. Bc3 Rxd1+ 25. Qxd1 Qd7
26. Qxd7 Nxd7 27. Bxg7 Kxg7 28. g4 b6 29. g5 f5 30. Nd6 Kf8 31. b5 cxb5 32.
Nxb5 a6 33. Nc7 a5 34. Kf1 Ke7 35. Ke2 Kd6 36. Ne8+ Kc5 37. Nf6 Nxf6 38.
gxf6 Kd6 39. Kd3 Ke6 40. Kc4 Kxf6 41. Kb5 g5 42. Kxb6 h5 43. Kxa5 h4
{White resigns}
0-1

[Event "ICC tourney 1953 (60 10)"]
[Site "Internet Chess Club"]
[Date "2020.08.08"]
[Round "5"]
[White "Venom2020"]
[Black "JULIANESTRADA"]
[Result "1-0"]
[ICCResult "Black resigns"]
[WhiteElo "2117"]
[BlackElo "2237"]
[Opening "two knights: Max Lange attack"]
[ECO "C50"]
[NIC "IG.02"]
[Time "15:21:28"]
[TimeControl "3600+10"]

1. e4 e5 2. Nf3 Nc6 3. Bc4 Bc5 4. O-O Nf6 5. d4 exd4 6. e5 d5 7. exf6 dxc4
8. fxg7 Rg8 9. Re1+ Be6 10. Bg5 Qd5 11. Nc3 Qf5 12. Ne4 Rxg7 13. Nh4 Qxg5
14. Nxg5 Rxg5 15. f4 d3+ 16. Kh1 dxc2 17. Qf3 O-O-O 18. fxg5 Bb4 19. Rec1
Bd2 20. Rxc2 Bxg5 21. Qg3 Bf6 22. Rf1 Nb4 23. Re2 Bd4 24. Nf3 Bb6 25. Ng5
Nd3 26. Nxe6 fxe6 27. Qg4 Kb8 28. Qxc4 a6 29. Rd2 {Black resigns} 1-0

[Event "ICC tourney 1953 (60 10)"]
[Site "Internet Chess Club"]
[Date "2020.08.08"]
[Round "5"]
[White "StayCalm"]
[Black "InfernoKing"]
[Result "0-1"]
[ICCResult "White resigns"]
[WhiteElo "2144"]
[BlackElo "2148"]
[Opening "King's Indian: Semi-Averbakh system"]
[ECO "E73"]
[NIC "KI.27"]
[Time "15:21:26"]
[TimeControl "3600+10"]

1. d4 Nf6 2. c4 g6 3. Nc3 Bg7 4. e4 d6 5. Be2 O-O 6. Be3 e5 7. d5 Nbd7 8.
Nf3 Ng4 9. Bg5 f6 10. Bh4 Nh6 11. Nd2 g5 12. Bg3 f5 13. exf5 Nf6 14. O-O
Nxf5 15. Nde4 Nxe4 16. Nxe4 Nd4 17. Bg4 Bf5 18. Bxf5 Rxf5 19. f3 Qd7 20. Bf2
Raf8 21. Be3 h6 22. Qd3 R5f7 23. Rad1 g4 24. Bxd4 exd4 25. fxg4 Qxg4 26.
Rxf7 Rxf7 27. h3 Qh4 28. Nd2 Qf2+ 29. Kh1 Re7 30. Rf1 Qe2 31. Qf5 Re5 32.
Qf7+ Kh8 33. Rf2 Qe1+ 34. Kh2 Re7 35. Qf5 Re8 36. Qf3 Re3 {White resigns}
0-1

[Event "ICC tourney 1953 (60 10)"]
[Site "Internet Chess Club"]
[Date "2020.08.08"]
[Round "5"]
[White "Segev"]
[Black "chessmagic22"]
[Result "1-0"]
[ICCResult "Black resigns"]
[WhiteElo "2203"]
[BlackElo "2192"]
[Opening "Dutch defense"]
[ECO "A81"]
[NIC "HD.12"]
[Time "15:21:23"]
[TimeControl "3600+10"]

1. d4 f5 2. g3 Nf6 3. Bg2 g6 4. Nh3 Bg7 5. Nf4 d6 6. h4 e5 7. dxe5 dxe5 8.
Qxd8+ Kxd8 9. Nd5 Nxd5 10. Bxd5 c6 11. Bb3 Ke7 12. h5 Bf6 13. Be3 Be6 14.
hxg6 hxg6 15. Rxh8 Bxh8 16. Nd2 Nd7 17. O-O-O Bxb3 18. axb3 Bg7 19. Nc4 b6
20. Bg5+ Ke8 21. Rd6 Rc8 22. Re6+ Kf8 23. Nd6 Ra8 24. Rxg6 {Black resigns}
1-0

[Event "ICC tourney 1953 (60 10)"]
[Site "Internet Chess Club"]
[Date "2020.08.08"]
[Round "5"]
[White "sahilmd"]
[Black "superind"]
[Result "0-1"]
[ICCResult "White resigns"]
[WhiteElo "2409"]
[BlackElo "2568"]
[Opening "King's Indian: orthodox, Aronin-Taimanov, 9.Ne1"]
[ECO "E98"]
[NIC "KI.03"]
[Time "15:21:33"]
[TimeControl "3600+10"]

1. d4 Nf6 2. c4 g6 3. Nc3 Bg7 4. e4 d6 5. Be2 O-O 6. Nf3 e5 7. O-O Nc6 8. d5
Ne7 9. Ne1 Nd7 10. Be3 f5 11. f3 f4 12. Bf2 g5 13. Rc1 Ng6 14. Nb5 b6 15. b4
a6 16. Nc3 Rf7 17. Nd3 h5 18. c5 Bf8 19. Na4 b5 20. Nc3 Nf6 21. a4 g4 22.
Kh1 g3 23. Bg1 Nh7 24. axb5 Ng5 25. cxd6 cxd6 26. Re1 h4 27. h3 Nxh3 28.
gxh3 Bxh3 29. Nf2 Qg5 30. Ng4 Bxg4 31. fxg4 h3 32. Bf3 Qh4 33. Ne2 axb5 34.
Qd3 Qh6 35. Ra1 Rxa1 36. Rxa1 Nh4 37. Nc3 Rc7 38. Ne2 Rc2 39. Bb6 Rd2 40.
Qb3 Rb2 41. Qc3 Nxf3 42. Qxf3 Qh4 43. Kg1 Kh7 44. Be3 Be7 45. Ba7 Kg6 46.
Rd1 Kg5 47. Bd4 Ra2 48. Be3 Qxg4 49. Qxg3 Rxe2 50. Qxg4+ Kxg4 51. Bb6 f3
{White resigns}
0-1

[Event "ICC tourney 1953 (60 10)"]
[Site "Internet Chess Club"]
[Date "2020.08.08"]
[Round "5"]
[White "BrainOnFire"]
[Black "Aryangambit"]
[Result "1-0"]
[ICCResult "Black resigns"]
[WhiteElo "2101"]
[BlackElo "2064"]
[Opening "King's Indian: fianchetto, Panno variation"]
[ECO "E63"]
[NIC "KI.71"]
[Time "15:21:18"]
[TimeControl "3600+10"]

1. d4 Nf6 2. Nf3 g6 3. g3 Bg7 4. Bg2 O-O 5. c4 d6 6. O-O Nc6 7. Nc3 a6 8. b3
Rb8 9. Bb2 Nd7 10. Qd2 e5 11. dxe5 Ndxe5 12. Rfd1 Be6 13. Nxe5 Nxe5 14. Nd5
c6 15. Nf4 Qb6 16. Bd4 c5 17. Bc3 Qc7 18. Nxe6 fxe6 19. Qxd6 Qxd6 20. Rxd6
Nxc4 21. bxc4 Bxc3 22. Rb1 b5 23. cxb5 axb5 24. Rxe6 Bg7 25. Bc6 b4 26. Bd5
Kh8 27. Kg2 Rbd8 28. e4 Bd4 29. f4 Rc8 30. Bc4 Rc7 31. e5 g5 32. fxg5 Ra7
33. Rf1 Rd8 34. h4 Ra3 35. Re7 Rc3 36. Bf7 c4 37. Be8 Kg8 38. Bd7 Rc2+ 39.
Kh3 Rf2 40. Rd1 Bc5 41. Be6+ Kf8 42. Rf7+ Rxf7 43. Rxd8+ Ke7 44. Bxf7 Kxd8
45. Bxc4 Bd4 46. e6 Ke7 47. Kg4 Bg7 48. Kf5 Bh8 49. h5 Kf8 50. h6 Bb2 51.
Kg4 Ke7 52. Bd3 Kxe6 53. Bxh7 Bc1 54. Kh5 b3 55. axb3 Ke7 56. g6 Bb2 57. g7
Bf6 58. g8=Q Kd6 59. Be4 {Black resigns} 1-0

[Event "ICC tourney 1953 (60 10)"]
[Site "Internet Chess Club"]
[Date "2020.08.08"]
[Round "5"]
[White "NyzhnykIllia"]
[Black "nicochasin"]
[Result "1/2-1/2"]
[ICCResult "Game drawn by mutual agreement"]
[WhiteElo "2745"]
[BlackElo "2410"]
[Opening "QGD: Ragozin variation"]
[ECO "D38"]
[NIC "NI.27"]
[Time "15:21:36"]
[TimeControl "3600+10"]

1. d4 Nf6 2. c4 e6 3. Nf3 d5 4. Nc3 Bb4 5. Qa4+ Nc6 6. Bg5 O-O 7. e3 h6 8.
Bxf6 Qxf6 9. Qb3 dxc4 10. Qxc4 Ba5 11. a3 e5 12. b4 Bb6 13. Ne4 Qg6 14. d5
Nd4 15. Nfd2 Nf5 16. h4 h5 17. Bd3 Qxg2 18. O-O-O Nd6 19. Qc2 Qg6 20. Rdg1
Qh6 21. Qc3 a5 22. Qxe5 Nxe4 23. Nxe4 Bg4 24. Qg5 Qxg5 25. hxg5 Rfd8 26.
Nf6+ gxf6 27. gxf6 Rxd5 28. Rxg4+ hxg4 29. Bh7+ {Game drawn by mutual
agreement} 1/2-1/2

[Event "ICC tourney 1953 (60 10)"]
[Site "Internet Chess Club"]
[Date "2020.08.08"]
[Round "5"]
[White "FullStep"]
[Black "joebobpop"]
[Result "1-0"]
[ICCResult "Black resigns"]
[WhiteElo "2153"]
[BlackElo "2243"]
[Opening "Scotch: Potter variation"]
[ECO "C45"]
[NIC "SO.05"]
[Time "15:21:23"]
[TimeControl "3600+10"]

1. e4 e5 2. Nf3 Nc6 3. d4 exd4 4. Nxd4 Bc5 5. Nb3 Bb6 6. Nc3 Nf6 7. Qe2 d6
8. Be3 Be6 9. O-O-O Qe7 10. f3 O-O-O 11. Bxb6 axb6 12. Nd4 Bd7 13. Qc4 Na5
14. Qd3 h5 15. Kb1 Be6 16. Nd5 Qe8 17. b4 Nc6 18. Nxc6 bxc6 19. Nxb6+ cxb6
20. Qa6+ Kb8 21. Qxb6+ Ka8 22. Rd3 Bxa2+ 23. Kxa2 Qe6+ 24. Kb1 {Black
resigns} 1-0

[Event "ICC tourney 1953 (60 10)"]
[Site "Internet Chess Club"]
[Date "2020.08.08"]
[Round "5"]
[White "hollyelf"]
[Black "PappusChain923"]
[Result "0-1"]
[ICCResult "White checkmated"]
[WhiteElo "2097"]
[BlackElo "2243"]
[Opening "Sicilian: Pelikan, Chelyabinsk variation"]
[ECO "B33"]
[NIC "SI.37"]
[Time "15:21:19"]
[TimeControl "3600+10"]

1. e4 c5 2. Nf3 Nc6 3. d4 cxd4 4. Nxd4 Nf6 5. Nc3 e5 6. Ndb5 d6 7. Bg5 a6 8.
Na3 b5 9. Nd5 Be7 10. Bxf6 Bxf6 11. c3 O-O 12. Nc2 Rb8 13. Bd3 Bg5 14. O-O
g6 15. f4 exf4 16. Nxf4 Ne5 17. Be2 Bb7 18. Nd5 Rc8 19. Bf3 Nc4 20. b3 Ne5
21. Qe1 Re8 22. Rd1 f5 23. Qf2 Nxf3+ 24. Qxf3 Rxe4 25. Rfe1 Qe8 26. Qg3 Bh4
27. Qxh4 Bxd5 28. Qf6 Bb7 29. Qxd6 Rxc3 30. Rxe4 Bxe4 31. Qf6 Rc6 32. Rd8
Rxf6 33. Rxe8+ Kf7 34. Rc8 Rd6 35. Ne3 Rd3 36. Nf1 Rd1 37. Kf2 Ra1 38. Rc7+
Kf6 39. Rxh7 Rxa2+ 40. Ke3 Bxg2 41. Nd2 f4+ 42. Kd3 f3 43. Rh8 Kg7 44. Rh4
Rxd2+ 45. Kxd2 f2 46. Rf4 f1=Q 47. Rxf1 Bxf1 48. b4 Kh6 49. Ke3 Kh5 50. Kf2
Bc4 51. Kg3 g5 52. Kg2 Kg4 53. Kf2 Kh3 54. Kg1 Bd5 55. Kf2 Kxh2 56. Kf1 g4
57. Kf2 g3+ 58. Ke3 g2 59. Kd4 Bb7 60. Ke5 g1=Q 61. Kd6 Qb6+ 62. Ke5 Qc6 63.
Kd4 Qd5+ 64. Ke3 Qe4+ 65. Kd2 Qf3 66. Kc2 Qe3 67. Kb2 Qd3 68. Ka2 Bd5+ 69.
Kb2 Qd2+ 70. Kb1 Be4+ 71. Ka1 Qc1+ 72. Ka2 Bd5# {White checkmated} 0-1

[Event "ICC tourney 1953 (60 10)"]
[Site "Internet Chess Club"]
[Date "2020.08.08"]
[Round "5"]
[White "Enamul"]
[Black "kpthomas"]
[Result "1-0"]
[ICCResult "Black resigns"]
[WhiteElo "2475"]
[BlackElo "2094"]
[Opening "Sicilian: Alapin's variation (2.c3)"]
[ECO "B22"]
[NIC "SI.46"]
[Time "15:21:43"]
[TimeControl "3600+10"]

1. e4 c5 2. c3 Nf6 3. e5 Nd5 4. Nf3 e6 5. d4 cxd4 6. cxd4 d6 7. Bc4 Nb6 8.
Bd3 Nc6 9. a3 dxe5 10. dxe5 Nd7 11. Bb5 Qc7 12. Bf4 a6 13. Bxc6 Qxc6 14. O-O
Be7 15. Nbd2 O-O 16. Rc1 Qd5 17. Nc4 Qe4 18. Bg5 f6 19. exf6 Nxf6 20. Nb6
Rb8 21. Bxf6 gxf6 22. Rc7 Bd8 23. Rc4 {Black resigns} 1-0

[Event "ICC tourney 1953 (60 10)"]
[Site "Internet Chess Club"]
[Date "2020.08.08"]
[Round "5"]
[White "pyaru536"]
[Black "tigeriz"]
[Result "0-1"]
[ICCResult "White resigns"]
[WhiteElo "2123"]
[BlackElo "2399"]
[Opening "Catalan: closed, 5.Nf3"]
[ECO "E06"]
[NIC "CA.04"]
[Time "15:21:14"]
[TimeControl "3600+10"]

1. d4 Nf6 2. c4 e6 3. g3 d5 4. Nf3 Be7 5. Bg2 O-O 6. O-O c6 7. Qc2 b6 8.
Nbd2 Bb7 9. e4 Na6 10. a3 c5 11. exd5 exd5 12. dxc5 Nxc5 13. b4 Nce4 14. Bb2
Rc8 15. Rfd1 Qc7 16. Rac1 Rfd8 17. Qb1 Nxd2 18. Nxd2 dxc4 19. Rxc4 Qb8 20.
Rxc8 Qxc8 21. Bxb7 Qxb7 22. Nc4 Rxd1+ 23. Qxd1 Qe4 24. Ne5 h6 25. Qd4 Qc2
26. Kg2 a5 27. b5 a4 28. h3 Qe2 29. Nc6 Bc5 30. Qd8+ Kh7 31. Bd4 Qxb5 32.
Ne5 Bxd4 33. Qxd4 Qd5+ 34. Qxd5 Nxd5 35. Nxf7 b5 36. Nd6 b4 37. Nc4 Nb6 38.
Ne3 b3 39. Nd1 Nc4 40. Kf3 b2 41. Nxb2 Nxb2 42. Ke4 Nc4 43. Kd4 Nxa3 44. Kc3
Nb5+ 45. Kb4 a3 46. f4 a2 47. Kc5 a1=Q {White resigns} 0-1

[Event "ICC tourney 1953 (60 10)"]
[Site "Internet Chess Club"]
[Date "2020.08.08"]
[Round "5"]
[White "savchess06"]
[Black "AZTAC"]
[Result "1-0"]
[ICCResult "Black resigns"]
[WhiteElo "2123"]
[BlackElo "2148"]
[Opening "Sicilian: Najdorf, Byrne (English) attack"]
[ECO "B90"]
[NIC "SI.14"]
[Time "15:21:32"]
[TimeControl "3600+10"]

1. e4 c5 2. Nf3 d6 3. d4 cxd4 4. Nxd4 Nf6 5. Nc3 a6 6. Be3 e5 7. Nb3 Be6 8.
Qd2 Be7 9. f4 Ng4 10. f5 Bxb3 11. axb3 Nxe3 12. Qxe3 Nc6 13. Nd5 Nd4 14. Bd3
Rc8 15. Qf2 h5 16. h4 a5 17. g3 Rc5 18. O-O Bf6 19. c3 Nc6 20. b4 axb4 21.
cxb4 Rxd5 22. exd5 Nxb4 23. Bb5+ Ke7 24. Rfd1 g5 25. fxg6 fxg6 26. Ra4 Na6
27. Bxa6 bxa6 28. Rxa6 Rf8 29. Qa7+ Ke8 30. Qa8 Kf7 31. Qxd8 Rxd8 32. Rf1
Rd7 33. b4 Ke7 34. b5 Rb7 35. b6 e4 36. Rd1 Ke8 37. Kf2 Bd8 38. Rb1 g5 39.
hxg5 Bxg5 40. Ra7 Rb8 41. b7 Kd7 42. Ra8 Kc7 43. Rxb8 Kxb8 44. Rb3 Bh6 45.
Ke2 Bg5 46. Rb6 Bd8 47. Rxd6 Bc7 48. Rg6 Kxb7 49. Rg7 Kc8 50. Rxc7+ Kxc7 51.
Ke3 Kd7 52. Kxe4 Kd6 53. Kd4 Kd7 54. Ke5 Ke7 55. Kf5 Kd6 56. Kg5 Kxd5 57.
Kxh5 Ke6 58. Kg6 Ke7 59. Kg7 Ke6 60. g4 {Black resigns} 1-0

[Event "ICC tourney 1953 (60 10)"]
[Site "Internet Chess Club"]
[Date "2020.08.08"]
[Round "5"]
[White "FlyCatcher"]
[Black "jsl1996"]
[Result "0-1"]
[ICCResult "White resigns"]
[WhiteElo "2519"]
[BlackElo "2645"]
[Opening "Sicilian"]
[ECO "B50"]
[NIC "SI.01"]
[Time "15:21:24"]
[TimeControl "3600+10"]

1. e4 c5 2. Nf3 d6 3. c3 Nf6 4. Bd3 Nc6 5. Bc2 Bg4 6. h3 Bh5 7. d3 e6 8. Bf4
Be7 9. Nbd2 Nd7 10. Qb1 b5 11. a3 O-O 12. O-O a5 13. d4 e5 14. Be3 a4 15. d5
Na5 16. Re1 c4 17. g4 Bg6 18. Nf1 Nb3 19. Bxb3 axb3 20. Ng3 Nf6 21. Nf5 Bxf5
22. gxf5 Kh8 23. Kh2 g6 24. fxg6 fxg6 25. Bh6 Rf7 26. Qd1 Nh5 27. Rg1 Qd7
28. Qe2 Nf4 29. Bxf4 Rxf4 30. Raf1 Raf8 31. Rg3 Qa7 32. Kg2 Bd8 33. Ng5 Bxg5
34. Rxg5 Kg7 35. Rg3 h6 36. f3 h5 37. Qf2 Qxf2+ 38. Rxf2 Kh6 39. Kf1 h4 40.
Rg4 Rxf3 41. Rxh4+ Kg7 42. Rxf3 Rxf3+ 43. Ke2 Rxc3 {White resigns} 0-1

[Event "ICC tourney 1953 (60 10)"]
[Site "Internet Chess Club"]
[Date "2020.08.08"]
[Round "5"]
[White "tactics321"]
[Black "erickzhao"]
[Result "1-0"]
[ICCResult "Black resigns"]
[WhiteElo "2572"]
[BlackElo "2265"]
[Opening "Grünfeld: modern exchange variation"]
[ECO "D85"]
[NIC "GI.04"]
[Time "15:21:36"]
[TimeControl "3600+10"]

1. d4 Nf6 2. c4 g6 3. Nc3 d5 4. cxd5 Nxd5 5. e4 Nxc3 6. bxc3 Bg7 7. Nf3 c5
8. Rb1 Qa5 9. Rb5 Qxa2 10. Rxc5 O-O 11. Bc4 Qa1 12. Bxf7+ Kxf7 13. Ng5+ Kg8
14. Rxc8 Qa2 15. Rxf8+ Bxf8 16. Qg4 Nc6 17. d5 Nd8 18. Qh3 h6 19. Ne6 Qc4
20. Qg4 Qxc3+ 21. Ke2 Qc4+ 22. Kf3 Nxe6 23. Qxe6+ Kh7 24. Be3 Bg7 25. Qxe7
h5 26. Rc1 Qa4 27. d6 Re8 28. Qxb7 Kh8 29. d7 Rf8+ 30. Ke2 Rd8 31. Rc8 Qa2+
32. Bd2 Bf6 33. Rxd8+ Bxd8 34. Qc8 Qg8 35. e5 Kh7 36. Qc6 Qf7 37. e6 Qf5 38.
f3 Qe5+ 39. Qe4 Qxh2 40. e7 Qxg2+ 41. Kd3 Qf1+ 42. Kc2 Bxe7 43. Qxe7+
{Black resigns}
1-0

[Event "ICC tourney 1953 (60 10)"]
[Site "Internet Chess Club"]
[Date "2020.08.08"]
[Round "5"]
[White "Giantsmaster"]
[Black "noki101"]
[Result "1-0"]
[ICCResult "Black resigns"]
[WhiteElo "2110"]
[BlackElo "2037"]
[Opening "QGD Slav: exchange variation, 6.Bf4 Bf5"]
[ECO "D14"]
[NIC "EO.64"]
[Time "15:21:40"]
[TimeControl "3600+10"]

1. c4 c6 2. Nc3 d5 3. d4 Nf6 4. cxd5 cxd5 5. Nf3 Nc6 6. Bf4 Bf5 7. e3 e6 8.
Rc1 Qb6 9. Bb5 Bb4 10. O-O O-O 11. Bxc6 Qxc6 12. Nh4 Bg4 13. f3 Bh5 14. g4
Bg6 15. Qb3 Be7 16. Nxg6 hxg6 17. Nb5 Qb6 18. a4 Rfc8 19. Qd3 Ne8 20. e4 a6
21. Nc3 Rc4 22. exd5 Rxd4 23. Be3 Rxd3 24. Bxb6 exd5 25. Rcd1 Rxd1 26. Rxd1
Nf6 27. Nxd5 Nxd5 28. Rxd5 Bf6 29. b4 Re8 30. Rd7 Re7 31. Rd8+ Kh7 32. Rd3
Re1+ 33. Kg2 Ra1 34. a5 Be7 35. Rd7 Bxb4 36. Rxf7 Bxa5 37. Bd4 Ra2+ 38. Kf1
Rxh2 39. Rxg7+ Kh6 40. Bf6 g5 41. f4 Bd2 42. fxg5+ Bxg5 43. Rxg5 Rc2 44. Rg7
b5 45. g5+ Kh5 46. Rh7+ Kg6 47. Rg7+ Kf5 48. Rd7 Ra2 49. Rd5+ Kg6 50. Rd6
Kf5 51. Rb6 Kg6 52. Bd8+ Kf7 53. g6+ Kg7 54. Bc7 Ra4 55. Be5+ Kh6 56. g7+
Kh7 57. Rh6+ Kxh6 58. g8=Q Kh5 59. Qf7+ Kg4 60. Qe6+ Kf3 61. Qf5+ Ke3 62.
Qf2+ Ke4 63. Qe2+ Kd5 64. Bb2 Kc5 65. Qe5+ Kc4 66. Qd4+ Kb3 67. Qc3+ Ka2 68.
Bc1 {Black resigns} 1-0

[Event "ICC tourney 1953 (60 10)"]
[Site "Internet Chess Club"]
[Date "2020.08.08"]
[Round "5"]
[White "fredericton"]
[Black "zuz1209"]
[Result "0-1"]
[ICCResult "White resigns"]
[WhiteElo "2207"]
[BlackElo "2239"]
[Opening "Ruy Lopez: open, Malkin variation"]
[ECO "C83"]
[NIC "RL.29"]
[Time "15:22:08"]
[TimeControl "3600+10"]

1. e4 e5 2. Nf3 Nc6 3. Bb5 a6 4. Ba4 Nf6 5. d4 Nxe4 6. O-O b5 7. Bb3 d5 8.
dxe5 Be6 9. c3 Be7 10. Nbd2 O-O 11. Qe2 Nxd2 12. Bxd2 Qd7 13. Rad1 f6 14.
Rfe1 Rae8 15. Bc1 Nxe5 16. Nxe5 fxe5 17. Qxe5 Bf6 18. Qg3 Kh8 19. Bg5 Bxg5
20. Qxg5 Bf5 21. h3 c6 22. Re3 Rxe3 23. Qxe3 Re8 24. Qf3 Bg6 25. Kf1 Qe7 26.
Rc1 Qg5 27. Re1 Be4 28. Bc2 Qxg2+ {White resigns} 0-1